 Dungeon Crawl Stone Soup version 0.16-a0-223-g37887f7 (webtiles) character file.

1969 Ratboiler the Slasher (level 9, 75/75 HPs)
             Began as a Minotaur Fighter on Aug 19, 2014.
             Quit the game in the Ecumenical Temple.
             The game lasted 00:21:35 (6678 turns).

Ratboiler the Slasher (Minotaur Fighter)            Turns: 6678, Time: 00:21:35

HP  75/75        AC  7     Str 21      XL: 9   Next:  0%
MP   4/4         EV  8     Int  6      God:
Gold 179         SH 11     Dex 12      Spells:  0 memorised,  8 levels left

rFire  + . .     SeeInvis .     a - +0 long sword
rCold  . . .     Clarity  .     b - +0 scale mail
rNeg   . . .     rCorr    .     c - +0 shield
rPois  .         rRot     .     (helmet restricted)
rElec  .         Spirit   .     (no cloak)
SustAb .         Warding  .     (no gloves)
rMut   .         Stasis   .     (no boots)
Gourm  +                        n - amulet of the gourmand
MR     .....                    H - ring of protection from fire
                                L - ring of regeneration

@: not resistant to hostile enchantments, extremely unstealthy
A: retaliatory headbutt, horns 2
a: no special abilities


You were in the Ecumenical Temple.
You were full.

You visited 2 branches of the dungeon, and saw 8 of its levels.
You also visited: Sewer.

You collected 483 gold pieces.
You spent 304 gold pieces at shops.

Inventory:

Hand weapons
 a - a +0 long sword (weapon)
 o - a +4 vampiric whip
 P - the +6 mace of Sunlight {crush, SInv}
   (You found it on level 6 of the Dungeon)

   It inflicts extra damage upon your enemies.
   It enhances your eyesight.
Missiles
 w - 7 steel javelins (quivered)
Armour
 b - a +0 scale mail (worn)
 c - a +0 shield (worn)
 e - a +1 leather armour of cold resistance
Magical devices
 J - a wand of draining (4)
 Q - a wand of draining (1)
 W - a wand of slowing (7)
Comestibles
 d - 6 bread rations
 g - 3 royal jellies
 v - a slice of pizza
 z - 7 meat rations
Scrolls
 h - 6 scrolls of identify
 j - 2 scrolls of remove curse {unknown}
 k - a scroll of fog {unknown}
 p - a scroll of magic mapping {unknown}
 r - 2 scrolls of enchant armour {unknown}
 t - 2 scrolls of blinking {unknown}
 u - a scroll of amnesia {unknown}
 B - 2 scrolls of immolation {unknown}
 D - a scroll of random uselessness {unknown}
 K - 2 scrolls of enchant weapon {unknown}
 M - a scroll of teleportation {unknown}
 N - 3 scrolls of fear {unknown}
 S - a scroll of brand weapon {unknown}
Jewellery
 n - an amulet of the gourmand (around neck)
 y - an uncursed ring of wizardry
 C - an uncursed ring of flight
 H - a ring of protection from fire (right hand)
 L - a ring of regeneration (left hand)
 O - an uncursed ring of magical power {unknown}
Potions
 f - a potion of haste {unknown}
 i - 2 potions of cancellation {unknown}
 l - 3 potions of heal wounds {unknown}
 m - 2 potions of brilliance
 q - a potion of porridge
 s - 2 potions of curing
 x - 2 potions of berserk rage {unknown}
 A - a potion of confusion {unknown}
 E - a potion of agility {unknown}
 G - a potion of lignification {unknown}
 I - a potion of restore abilities {unknown}
 T - a potion of flight {unknown}
 U - a potion of cure mutation {unknown}
 V - a potion of resistance {unknown}
Books
 F - the Incunabulum of the Lonely Wars
   (You found it on level 4 of the Dungeon)

   Spells                             Type                      Level
   Sting                              Conjuration/Poison           1
   Cure Poison                        Poison                       2
   Alistair's Intoxication            Transmutation/Poison         4
   Poisonous Cloud                    Conjuration/Poison/Air       6


   Skills:
 + Level 5.8 Fighting
 * Level 7.4 Long Blades
 + Level 6.7 Armour
 * Level 6.5 Dodging
 + Level 0.3 Stealth
 + Level 7.0 Shields
 * Level 0.4 Spellcasting
 + Level 0.6 Evocations


You had 8 spell levels left.
You didn't know any spells.

Dungeon Overview and Level Annotations

Branches:
Dungeon (7/15)             Temple (1/1) D:7

Altars:
Ashenzari
Cheibriados
Dithmenos
Elyvilon
Fedhas
Gozag
Kikubaaqudgha
Makhleb
Nemelex Xobeh
Okawaru
Qazlal
Sif Muna
Trog
Vehumet
Xom
Yredelemnul
Zin
The Shining One

Shops:
D:4 ***%=   D:5 !([


Innate Abilities, Weirdness & Mutations

You reflexively headbutt those who attack you in melee.
You have a pair of horns on your head.


Message History

Found an iron altar of Okawaru.
Found a snail-covered altar of Cheibriados.
There is a snail-covered altar of Cheibriados here.
You enter the shallow water.
Moving in this stuff is going to be slow.
You enter the shallow water.
Moving in this stuff is going to be slow.
You enter the shallow water.
Moving in this stuff is going to be slow.
You enter the shallow water.
Moving in this stuff is going to be slow.
There is a white marble altar of Elyvilon here.
You enter the shallow water.
Moving in this stuff is going to be slow.
You enter the shallow water.
Moving in this stuff is going to be slow.
You enter the shallow water.
Moving in this stuff is going to be slow.
Partly explored, can't reach some places.
Are you sure you want to abandon this character and quit the game? (Confirm with "yes".)

...........♣≈≈..≈≈.....♣♣
..........♣≈≈≈..≈..##...♣
.........♣≈≈≈≈......#..♣♣
.......#♣♣≈≈≈....._.♣...♣
#..#...♣♣≈≈≈≈..........♣♣
#...._♣♣♣≈≈♣..........♣♣
.♣♣#♣♣♣♣≈≈♣♣.........♣♣
..♣ ♣≈≈≈♣♣♣._.#......♣
♣♣♣ ≈≈♣♣ ♣.....@....♣♣ ♣
♣♣≈♣ ♣♣♣...#.....♣♣
♣♣♣♣≈≈♣♣♣..♣.......♣♣
..♣♣≈♣♣♣.........♣♣♣
..≈≈≈♣♣...........#♣♣♣
.≈≈≈≈♣....♣....._....♣
.≈≈≈................♣♣
♣≈≈≈≈.._.............♣♣
..≈≈≈.................♣


There were no monsters in sight!

Vanquished Creatures
  The ghost of TAS2012 the Covert, an average OpAs (D:4)
  The ghost of l0ser140 the Changer, an average OpTm (Sewer)
  The ghost of Afay the Covered, an experienced NaFi of Cheibriados (D:5)
  A hill giant skeleton (D:6)
  An orc warrior (D:5)
  An ice beast (D:5)
  An ogre (D:4)
  A centaur (D:6)
  A crocodile (Sewer)
  Duvessa (D:6)
  A water moccasin skeleton (D:4)
  A scorpion (D:4)
  2 crimson imps
  Dowan (D:7)
  2 hounds
  A jelly (D:4)
  3 orc priests
  A worker ant (D:4)
  2 iguanas
  3 orc wizards
  Terence (D:2)
  12 adders
  3 gnolls (D:5)
  A green rat (D:3)
  A shadow imp (D:6)
  A giant mite (D:3)
  4 worms
  An iguana zombie (D:3)
  4 giant geckos (D:3)
  An ooze (D:1)
  17 orcs
  18 hobgoblins
  4 jackals
  A quokka (D:4)
  20 bats
  2 giant cockroaches (D:4)
  A giant gecko zombie (D:6)
  4 giant newts
  17 goblins
  9 kobolds
  An orc skeleton (D:4)
  A quokka skeleton (D:5)
  7 rats
158 creatures vanquished.

Notes
Turn   | Place    | Note
--------------------------------------------------------------
     0 | D:1      | Ratboiler, the Minotaur Fighter, began the quest for the Orb.
     0 | D:1      | Reached XP level 1. HP: 19/19 MP: 1/1
   117 | D:1      | Reached XP level 2. HP: 27/27 MP: 1/1
   491 | D:1      | Reached skill level 4 in Shields
   743 | D:2      | Noticed Terence
   752 | D:2      | Killed Terence
   752 | D:2      | Reached XP level 3. HP: 24/33 MP: 2/2
   863 | D:2      | Reached skill level 1 in Dodging
   946 | D:2      | Found a shadowy altar of Dithmenos.
   948 | D:2      | Found a blossoming altar of Fedhas.
   953 | D:2      | Found a sparkling altar of Nemelex Xobeh.
  1029 | D:2      | Reached XP level 4. HP: 32/40 MP: 2/2
  1682 | D:2      | Found a sparkling altar of Nemelex Xobeh.
  2245 | D:3      | Reached XP level 5. HP: 20/47 MP: 2/2
  2277 | D:3      | Found a glowing drain.
  2281 | Sewer    | Entered a sewer
  2524 | Sewer    | Noticed l0ser140's ghost (average OpTm)
  2537 | Sewer    | Killed l0ser140's ghost
  2537 | Sewer    | Reached skill level 5 in Shields
  2537 | Sewer    | Reached XP level 6. HP: 48/53 MP: 3/3
  2539 | Sewer    | Reached skill level 5 in Armour
  3307 | D:4      | Noticed TAS2012's ghost (average OpAs)
  3319 | D:4      | Killed TAS2012's ghost
  3319 | D:4      | Reached XP level 7. HP: 50/60 MP: 3/3
  3331 | D:4      | Found a glowing silver altar of Zin.
  3332 | D:4      | Noticed an angel
  3349 | D:4      | Reached skill level 6 in Shields
  3478 | D:4      | Found Hyomoump's Jewellery Boutique.
  3481 | D:4      | Reached skill level 5 in Long Blades
  3488 | D:4      | Identified the Incunabulum of the Lonely Wars
  3599 | D:4      | Bought an uncursed ring of protection from fire for 250 gold pieces
  3650 | D:4      | Found Zeatin's Food Emporium.
  3658 | D:4      | Found Yjuton's Assorted Antiques.
  3663 | D:4      | Reached skill level 5 in Fighting
  3666 | D:4      | Found Xourromio's Assorted Antiques.
  3708 | D:4      | Reached skill level 5 in Dodging
  3964 | D:4      | Reached XP level 8. HP: 59/68 MP: 3/3
  4038 | D:4      | Found Irome's General Store.
  4047 | D:4      | Bought a potion of brilliance for 30 gold pieces
  4047 | D:4      | Bought a scroll of identify for 24 gold pieces
  4114 | D:5      | Entered Level 5 of the Dungeon
  4141 | D:5      | Found Koteal's Weapon Boutique.
  4206 | D:5      | Found Bistru's Distillery.
  4524 | D:5      | Found Rietem's Armour Shoppe.
  4647 | D:5      | Noticed Afay's ghost (experienced NaFi)
  4665 | D:5      | Killed Afay's ghost
  5388 | D:6      | Found a shimmering altar of Xom.
  5389 | D:6      | Found a radiant altar of Vehumet.
  5392 | D:6      | Found an opulent altar of Gozag.
  5610 | D:6      | Got a steaming mace
  5611 | D:6      | Identified the +6 mace of Sunlight {crush, SInv} (You found it on level 6 of the Dungeon)
  5700 | D:6      | Reached skill level 7 in Long Blades
  6030 | D:7      | Noticed Duvessa
  6031 | D:7      | Noticed Dowan
  6122 | D:7      | Killed Dowan
  6176 | D:6      | Killed Duvessa
  6328 | D:7      | Found a staircase to the Ecumenical Temple.
  6362 | D:7      | Reached XP level 9. HP: 75/75 MP: 4/4
  6390 | Temple   | Entered the Ecumenical Temple
  6678 | Temple   | Quit the game

Action                   |  1- 3 |  4- 6 |  7- 9 || total
-------------------------+-------+-------+-------++-------
Melee: Long sword        |   106 |   169 |   280 ||   555
Evoke: Wand              |       |       |     3 ||     3
  Use: Potion            |       |     1 |     2 ||     3
  Eat: Chunk             |     1 |     6 |    18 ||    25
       Meat ration       |       |     1 |       ||     1
